Map: Cañón atribulado

Players

NearDGeas - Winner!

  • Race: Terran Terran
  • League: Gold
  • Spawn Location: 12:00

CodyOneKenoB - Winner!

  • Race: Zerg Zerg
  • Spawn Location: 3:00

Cfood - Winner!

  • Race: Zerg Zerg
  • Spawn Location: 12:00

TATORREA

  • Race: Protoss Protoss
  • League: Silver
  • Spawn Location: 6:00

tigro

  • Race: Terran Terran
  • League: Bronze
  • Spawn Location: 7:00

MrFercho

  • Race: Zerg Zerg
  • League: Silver
  • Spawn Location: 6:00

VOD

Have the link to the VOD?

Description

Time

  • Played on: June 4, 2020, 8:27 p.m.
  • Length: 20:29
Show
View Real Time Build Order
Export as new Build Order

NearDGeas Terran - Winner!

Build Orders:  

Get SALT Encoding   

  12  0:02  SCV  
  13  0:18  Supply Depot  
  13  0:20  SCV  
  14  0:35  SCV  
  15  0:42  Barracks  
  15  0:47  SCV  
  16  0:52  Refinery  
  16  0:59  SCV  
  17  1:11  SCV  
  18  1:29  SCV  
  19  1:41  SCV  
  19  1:46  Command Center  
  20  1:53  Orbital Command  
  20  1:55  Marine  
  21  2:11  Barracks  
  21  2:15  Refinery  
  21  2:16  Marine  
  22  2:47  Factory  
  22  2:49  Barracks Reactor  
  22  2:50  Barracks  
  22  2:53  SCV  
  23  3:01  Orbital Command  
  24  3:05  SCV  
  24  3:25  SCV  
  25  3:29  SCV  
  26  3:34  Factory Tech Lab  
  26  3:36  Barracks Reactor  
  26  3:37  Barracks Tech Lab, SCV  
  26  3:39  Marine  
  26  3:40  Marine  
  29  3:41  SCV  
  30  3:56  Starport  
  30  3:57  Marine  
  30  4:00  Marine  
  30  4:01  Marine  
  33  4:15  Marine  
  33  4:17  Marine x2  
  34  4:18  Marine x2  
  38  4:26  Refinery  
  38  4:32  Supply Depot  
  38  4:36  Supply Depot  
  38  4:40  Marauder, Marine, Siege Tank, SCV x2  
  46  4:52  Refinery  
  46  4:54  SCV x2  
  48  5:00  Marine x4  
  52  5:13  Marine  
  53  5:17  Marine  
  53  5:18  Marine x2  
  56  5:23  Starport Reactor  
  56  5:25  Barracks x2  
  53  6:10  Engineering Bay  
  53  6:15  Engineering Bay  
  53  6:18  Marine x3  
  53  6:19  Marine x2  
  53  6:21  Siege Tank  
  61  6:26  SCV  
  61  6:30  Supply Depot  
  61  6:32  Supply Depot  
  62  6:51  Marine  
  62  6:52  SCV x2  
  65  7:04  SCV x2  
  67  7:43  SCV x2  
  69  7:50  Terran Infantry Weapons Level 1  
  69  7:51  Terran Infantry Armor Level 1  
  69  7:55  SCV x2  
  69  7:56  Armory  
  71  8:38  Command Center  
  71  8:58  Refinery  
  71  9:07  Sensor Tower  
  71  9:09  Missile Turret  
  71  9:28  Missile Turret  
  71  9:30  Missile Turret  
  71  9:31  Command Center  
  71  9:36  SCV x2  
  73  9:48  SCV  
  73  9:49  SCV  
  73  9:50  Missile Turret  
  73  9:52  Supply Depot  
  75  9:56  Supply Depot  
  75  9:58  Supply Depot  
  75  10:00  SCV  
  75  10:01  SCV  
  75  10:06  Marine x5  
  82  10:08  Siege Tank  
  82  10:12  Refinery  
  82  10:13  SCV  
  86  10:16  Medivac x2  
  90  10:28  Starport  
  90  10:29  Starport  
  90  10:31  Terran Infantry Weapons Level 2, Terran Infantry Armor Level 2  
  79  10:46  Medivac  
  78  10:51  Planetary Fortress  
  78  11:08  Barracks  
  78  11:10  Barracks  
  78  11:18  SCV x2  
  80  11:19  Orbital Command  
  80  11:30  SCV  
  80  11:31  Refinery, SCV x2  
  80  11:32  Command Center  
  83  11:35  Marine x5  
  83  11:37  Siege Tank  
  83  11:39  Viking x2  
  95  11:42  SCV  
  95  11:43  SCV x2  
  98  11:52  Barracks Reactor x2  
  98  11:55  Barracks Reactor  
  98  11:56  Barracks Reactor  
  98  11:58  Refinery  
  98  11:59  Barracks x2  
  98  12:01  Starport Reactor  
  98  12:09  Medivac  
  98  12:10  Starport Tech Lab  
  100  12:18  Supply Depot  
  100  12:19  SCV x2  
  100  12:20  Supply Depot x2  
  102  12:49  Barracks  
  97  13:25  Orbital Command  
  97  13:34  SCV x2  
  97  13:35  Factory, SCV x2  
  97  13:38  Marine x6  
  97  13:39  Marine x6  
  97  13:40  Marine  
  114  13:42  Medivac x2  
  114  13:46  SCV  
  114  13:47  SCV x3  
  122  13:49  Barracks Reactor x3  
  122  13:55  Viking x3  
  124  13:58  SCV  
  129  14:12  Viking x2, Marine x4  
  129  14:13  Marine x5  
  129  14:14  Marine x4  
  146  14:25  Viking x2, Raven  
  146  14:30  Stimpack, Marine x3  
  132  15:11  Marine x4  
  132  15:12  Marine x11  
  132  15:14  Viking, Medivac x4  
  157  15:30  Factory, Factory Tech Lab  
  144  16:10  Combat Shield  
  143  16:35  Marine x3  
  143  16:36  Marine x6  
  143  16:39  Siege Tank x2  
  158  16:57  Supply Depot, Factory Tech Lab  
  158  16:58  Supply Depot  
  158  17:01  Supply Depot  
  158  17:10  Terran Infantry Armor Level 3, Terran Infantry Weapons Level 3  
  158  17:11  Siege Tank x2  
  163  17:29  Concussive Shells  
  118  18:12  Marine x7  
  117  18:13  Marine x11  
  117  18:14  Marine  
  117  18:15  Siege Tank x2  
  117  18:17  Viking x2, Medivac x2  
  117  18:18  Medivac  
  147  18:29  Marine  
  146  18:43  Marine  
  146  18:44  Marine x4  
  146  18:45  Marine x5  
  146  18:46  Marine x3  
  146  18:47  Medivac x2, Siege Tank x2  
  167  18:49  Marine x4  
  167  18:50  Marine x2  
  173  19:06  Supply Depot  
  170  19:19  Widow Mine  
  170  19:20  Widow Mine  
  174  19:41  Widow Mine  
Show
View Real Time Build Order
Export as new Build Order

CodyOneKenoB Zerg - Winner!

Build Orders: Pool First 

Get SALT Encoding   

  12  0:04  Drone  
  13  0:11  Drone  
  14  0:16  Extractor, Drone  
  14  0:27  Overlord  
  14  0:46  Spawning Pool  
  13  0:54  Drone x3  
  16  1:08  Drone  
  17  1:26  Drone  
  17  1:28  Drone  
  19  1:40  Queen  
  19  1:42  Metabolic Boost  
  19  1:45  Drone  
  22  2:00  Hatchery  
  22  2:10  Zergling x2  
  22  2:12  Overlord  
  22  2:20  Lair  
  22  2:30  Zergling x2  
  22  2:33  Zergling x2  
  24  2:42  Zergling x2  
  25  2:53  Zergling x4  
  25  2:54  Zergling x2  
  29  3:05  Zergling x2  
  29  3:13  Drone  
  29  3:17  Zergling x2  
  31  3:27  Zergling x4  
  31  3:28  Zergling x2  
  31  3:31  Drone  
  35  3:37  Drone  
  36  3:45  Overlord  
  36  3:46  Overlord x2  
  36  3:53  Queen  
  33  4:07  Drone x2  
  33  4:09  Zergling x2  
  39  4:10  Zergling x6  
  37  4:44  Drone x2  
  37  4:45  Drone  
  40  4:57  Zergling x8  
  41  5:15  Zergling x4  
  39  5:31  Zergling x12  
  41  5:42  Zergling x4  
  40  6:21  Zergling x2  
  40  6:22  Zergling x12  
  38  6:41  Drone  
  38  6:45  Drone x2  
  41  7:13  Drone x2  
  43  7:41  Hatchery  
  42  7:49  Hatchery  
  41  8:06  Drone x2  
  41  8:07  Drone  
  41  8:08  Drone x2  
  41  8:10  Drone x2  
  48  8:19  Extractor  
  47  8:20  Extractor  
  44  8:40  Spore Crawler  
  42  9:10  Evolution Chamber  
  42  9:13  Evolution Chamber  
  42  9:15  Evolution Chamber  
  39  9:31  Drone x3  
  41  9:36  Drone x3  
  45  9:40  Drone x12  
  45  9:44  Drone  
  45  9:45  Drone x3  
  61  9:54  Hatchery  
  60  10:20  Drone  
  61  10:23  Drone x2  
  61  10:24  Drone  
  64  10:30  Extractor  
  64  10:33  Extractor  
  64  10:34  Extractor  
  61  10:37  Zerg Melee Weapons Level 1  
  61  10:38  Zerg Missile Weapons Level 1  
  61  10:39  Extractor, Zerg Ground Armor Level 1  
  60  11:10  Hydralisk Den  
  59  11:14  Extractor  
  58  11:25  Baneling Nest  
  57  11:30  Spire  
  56  11:39  Drone x2  
  58  11:40  Drone  
  58  11:44  Drone x3  
  58  11:45  Drone  
  63  11:51  Drone x4  
  63  11:52  Drone x4  
  71  11:57  Drone x2  
  73  12:04  Drone x3  
  76  12:12  Centrifical Hooks  
  76  12:13  Lurker Den  
  76  12:14  Grooved Spines  
  75  12:27  Infestation Pit  
  74  12:34  Drone  
  74  12:35  Drone x2  
  77  12:46  Drone  
  78  12:59  Overlord  
  78  13:00  Overlord x4  
  78  13:01  Overlord x12  
  78  13:02  Overlord x9  
  78  13:25  Drone x2  
  78  13:26  Muscular Augments  
  80  13:42  Extractor  
  80  13:45  Queen  
  80  13:46  Extractor, Drone x2  
  82  13:51  Hydralisk x16  
  107  14:21  Spine Crawler  
  107  14:22  Spine Crawler x2  
  107  14:23  Spine Crawler x3  
  101  14:24  Spine Crawler  
  101  14:25  Spine Crawler  
  99  14:31  Spine Crawler  
  99  14:33  Hydralisk x10  
  99  14:34  Hydralisk x7  
  132  15:09  Spore Crawler  
  132  15:13  Drone x3  
  134  15:18  Drone x3  
  137  15:41  Drone  
  137  15:42  Drone  
  139  15:59  Zerg Melee Weapons Level 2  
  139  16:00  Zerg Missile Weapons Level 2  
  139  16:02  Zerg Ground Armor Level 2  
  139  16:03  Zerg Flyer Weapons Level 1  
  139  16:07  Hive  
  139  16:30  Mutalisk  
  139  16:31  Mutalisk x23  
  169  16:59  Mutalisk x9  
  169  17:00  Mutalisk x3  
  145  17:23  Mutalisk  
  145  17:24  Mutalisk x10  
  155  17:56  Mutalisk x4  
  155  17:57  Zerg Flyer Armor Level 1, Mutalisk x2  
  163  18:19  Mutalisk  
  163  18:20  Mutalisk x3  
  169  19:11  Mutalisk x10  
  189  19:56  Mutalisk x5  
Show
View Real Time Build Order
Export as new Build Order

Cfood Zerg - Winner!

Build Orders: Hatch First, Lurkers 

Get SALT Encoding   

  12  0:02  Drone  
  13  0:13  Overlord  
  13  0:19  Drone  
  14  0:33  Drone x2  
  16  0:40  Drone  
  17  0:46  Drone  
  18  1:03  Hatchery  
  17  1:05  Extractor, Drone  
  17  1:20  Spawning Pool  
  17  1:21  Drone  
  17  1:28  Drone  
  18  1:40  Drone  
  18  1:44  Drone  
  20  1:51  Drone  
  21  2:04  Drone  
  22  2:12  Overlord  
  22  2:14  Queen  
  24  2:23  Queen  
  24  2:28  Drone  
  24  2:29  Drone  
  28  2:33  Drone x2  
  31  2:37  Drone  
  31  2:48  Drone  
  31  2:49  Drone  
  33  2:58  Queen  
  35  3:00  Lair  
  35  3:06  Roach Warren, Drone x2  
  35  3:10  Overlord x2  
  36  3:22  Extractor  
  36  3:23  Drone  
  36  3:29  Extractor, Drone  
  36  3:48  Drone x3  
  39  3:52  Drone x3  
  42  3:58  Roach  
  44  4:05  Zergling x2  
  44  4:06  Zergling x6  
  44  4:07  Roach x2  
  52  4:12  Overlord  
  52  4:13  Overlord  
  52  4:17  Extractor, Drone  
  52  4:29  Overlord  
  52  4:43  Hatchery  
  51  4:46  Hydralisk Den  
  51  4:50  Infestation Pit  
  49  4:54  Drone x2  
  49  4:55  Drone x3  
  49  4:58  Drone x3  
  57  5:01  Drone  
  57  5:02  Drone  
  57  5:03  Drone x2  
  57  5:06  Spore Crawler  
  60  5:07  Spore Crawler  
  60  5:09  Spore Crawler x2  
  57  5:18  Roach x3  
  64  5:28  Drone x4  
  64  5:32  Drone  
  64  5:33  Drone  
  64  5:34  Overlord  
  69  5:44  Hydralisk, Grooved Spines  
  71  5:59  Hive  
  71  6:05  Lurker Den, Drone  
  71  6:09  Drone x3  
  74  6:13  Drone x6  
  80  6:19  Drone  
  81  6:29  Drone x6  
  87  6:34  Extractor  
  86  6:43  Hatchery  
  85  6:49  Hydralisk x2  
  85  6:50  Hatchery, Hydralisk  
  90  6:56  Overlord x4  
  90  7:04  Drone, Spore Crawler  
  90  7:08  Overlord  
  90  7:11  Adaptive Talons  
  90  7:15  Muscular Augments  
  90  7:16  Hydralisk x4  
  98  7:31  Extractor  
  97  7:37  Drone  
  97  7:38  Drone x2  
  100  7:57  Hydralisk  
  100  7:58  Hydralisk x9  
  120  8:08  Seismic Spines  
  120  8:45  Hydralisk  
  120  8:46  Hydralisk x10  
  142  8:57  Overlord  
  142  8:59  Overlord x2  
  142  9:00  Overlord x2  
  142  9:19  Burrow  
  142  9:23  Drone x8  
  150  9:30  Drone x2  
  150  9:31  Drone  
  153  9:34  Overlord  
  153  9:38  Overseer  
  153  9:39  Overseer  
  153  9:40  Overseer  
  153  10:01  Drone x3  
  153  10:02  Drone x6  
  162  10:19  Hydralisk  
  162  10:20  Hydralisk x6  
  176  10:29  Evolution Chamber  
  175  10:36  Evolution Chamber  
  175  10:42  Extractor  
  173  10:45  Extractor  
  173  10:48  Drone  
  172  11:12  Overseer  
  172  11:41  Lurker x6  
  172  11:42  Lurker x4  
  172  11:43  Lurker x3  
  185  12:00  Hatchery  
  184  12:06  Zerg Ground Armor Level 1, Zerg Missile Weapons Level 1  
  184  12:25  Hydralisk  
  184  12:26  Hydralisk  
  188  12:31  Overlord x3  
  188  12:32  Overlord  
  168  12:59  Spire  
  168  13:03  Spire  
  160  13:25  Hydralisk x12  
  184  13:35  Drone  
  185  13:45  Spore Crawler  
  185  13:47  Drone x7  
  149  13:56  Hydralisk  
  149  13:57  Hydralisk x3  
  116  14:55  Hydralisk  
  116  14:56  Hydralisk x14  
  146  15:01  Hydralisk  
  146  15:02  Hydralisk x2  
  150  15:08  Zerg Missile Weapons Level 2, Zerg Ground Armor Level 2  
  150  15:21  Hatchery  
  147  15:48  Extractor  
  142  15:50  Extractor  
  125  16:09  Hydralisk  
  125  16:10  Hydralisk x17  
  122  16:59  Lurker x4  
  122  17:00  Lurker x6  
  122  17:01  Lurker x4  
  136  17:13  Hydralisk x14  
  136  17:14  Hydralisk x4  
  169  17:30  Zerg Missile Weapons Level 3, Zerg Ground Armor Level 3  
  167  18:14  Hatchery  
  160  18:20  Hatchery  
  147  18:46  Greater Spire  
Show
View Real Time Build Order
Export as new Build Order

TATORREA Protoss 

Build Orders:  

Get SALT Encoding   

  12  0:03  Probe  
  13  0:20  Probe (Chrono Boost)  
  14  0:31  Probe (Chrono Boost)  
  15  0:36  Pylon  
  15  0:54  Probe  
  16  1:07  Probe  
  16  1:10  Gateway  
  16  1:11  Gateway  
  17  1:19  Probe  
  17  1:23  Pylon  
  18  1:31  Probe  
  19  1:36  Assimilator  
  19  1:43  Probe  
  20  1:55  Probe  
  20  1:58  Assimilator  
  21  2:07  Probe  
  22  2:13  Nexus  
  22  2:15  Pylon  
  22  2:19  Probe  
  23  2:25  Cybernetics Core  
  23  2:31  Probe  
  24  2:44  Forge  
  24  2:46  Probe  
  25  2:54  Zealot x2 (Chrono Boost)  
  29  2:59  Warp Gate (Chrono Boost)  
  29  3:11  Probe  
  30  3:21  Protoss Ground Weapons Level 1  
  30  3:23  Probe  
  30  3:26  Probe  
  32  3:35  Probe  
  32  3:39  Probe  
  34  3:41  Pylon  
  34  3:47  Pylon, Probe  
  37  3:51  Stalker (Chrono Boost), Probe  
  37  3:54  Stalker (Chrono Boost)  
  32  4:37  Probe  
  32  4:38  Gateway  
  33  4:40  Gateway  
  33  4:44  Probe  
  34  4:53  Probe  
  34  4:54  Pylon  
  34  4:58  Pylon  
  35  5:06  Probe x2  
  37  5:13  Gateway  
  37  5:15  Gateway  
  37  5:16  Gateway  
  37  5:19  Stargate  
  37  5:20  Stargate  
  37  5:26  Robotics Facility  
  37  5:28  Twilight Council  
  37  5:32  Pylon  
  37  5:35  Probe x2  
  39  5:37  Pylon  
  39  5:41  Stalker x2  
  43  5:42  Pylon  
  43  6:05  Protoss Ground Weapons Level 2  
  43  6:07  Charge  
  43  6:10  Stalker x2  
  43  6:11  Stalker  
  49  6:16  Stalker  
  49  6:17  Zealot  
  53  6:23  Warp Prism  
  55  6:54  Probe x2  
  57  7:03  Assimilator  
  57  7:07  Assimilator  
  57  7:08  Probe x2  
  57  7:12  Oracle  
  57  7:13  Oracle  
  57  7:15  Zealot x3, Nexus  
  67  7:16  Zealot x2  
  67  7:22  Probe x2  
  77  7:39  Probe x2  
  79  7:53  Pylon  
  79  7:59  Pylon  
  79  8:00  Probe x2  
  79  8:03  Pylon  
  81  8:08  Pylon  
  81  8:12  Pylon  
  81  8:16  Probe x2  
  80  8:38  Protoss Shields Level 1  
  80  8:47  Zealot  
  80  8:48  Zealot x4  
  83  8:54  Probe x2  
  89  9:01  Probe  
  90  9:06  Probe  
  90  9:07  Assimilator, Probe  
  92  9:11  Assimilator  
  92  9:13  Probe  
  92  9:16  Immortal  
  97  9:18  Probe  
  97  9:19  Probe  
  97  9:22  Stalker x4  
  107  9:24  Zealot  
  107  9:25  Probe  
  107  9:28  Blink  
  110  9:34  Templar Archives  
  110  9:36  Fleet Beacon  
  110  9:38  Robotics Bay  
  110  10:06  Probe x3  
  113  10:18  Probe x3  
  116  10:25  Zealot  
  116  10:26  Zealot x4  
  114  11:04  Colossus  
  114  11:08  Psionic Storm  
  120  11:11  Extended Thermal Lance  
  120  11:14  Anion Pulse-Crystals  
  120  11:17  High Templar x2  
  120  11:18  High Templar x2  
  126  11:19  High Templar  
  130  11:38  Nexus  
  130  11:41  Protoss Ground Weapons Level 3  
  130  12:01  Assimilator  
  130  12:02  Assimilator  
  130  12:07  Immortal  
  134  12:17  Protoss Air Weapons Level 1  
  134  12:19  High Templar  
  134  12:20  High Templar x3  
  142  12:23  Archon x2  
  142  12:25  Archon  
  142  12:36  High Templar  
  144  12:42  Colossus (Chrono Boost)  
  150  13:29  Observer  
  77  14:22  High Templar x2  
  77  14:23  High Templar x3  
  83  14:26  Protoss Air Armor Level 1  
  83  14:35  Pylon  
  83  14:37  Pylon  
  83  14:38  Pylon  
  83  14:40  Protoss Ground Armor Level 1  
  83  14:50  Pylon  
  83  14:55  Pylon  
  83  14:56  Pylon  
  83  14:58  Gateway  
  83  15:00  Gateway  
  83  15:03  Gateway x2  
  83  15:07  Gateway  
  83  15:08  Gateway  
  83  15:09  Gateway  
  83  15:10  Gateway  
  83  15:13  Gateway  
  83  15:14  Gateway  
  83  15:17  Gateway  
  83  15:18  High Templar x2  
  83  15:19  Gateway, High Templar  
  83  15:20  High Templar x2  
  93  15:22  Colossus  
  99  15:32  Unknown  
  99  15:35  Carrier x2  
  111  16:14  Nexus  
  111  16:16  Immortal  
  115  16:23  Zealot x2  
  115  16:24  Zealot x4  
  115  16:25  Zealot x4  
  133  16:26  Zealot x4  
  133  16:27  Zealot x2  
  147  16:37  Protoss Air Weapons Level 2  
  147  16:39  Tempest x2  
  151  16:48  Protoss Shields Level 2  
  149  16:54  Colossus  
  87  17:45  Carrier x2  
  87  17:50  High Templar x3  
  87  17:51  High Templar  
  103  17:52  Stalker  
  103  17:53  Stalker x4  
  103  17:54  Stalker x2  
  103  17:55  Stalker x3  
  103  17:56  Stalker x3  
  123  17:58  Immortal  
  83  18:35  Zealot x2  
  83  18:36  Zealot x4  
  83  18:37  Zealot x4  
  83  18:38  Zealot x3  
  83  18:39  Zealot x3  
  121  18:49  Tempest x2  
  95  19:02  Zealot  
  95  19:03  Zealot x4  
  95  19:04  Zealot x3  
  95  19:05  Zealot x3  
  95  19:06  Zealot x4  
  95  19:07  Zealot x2  
  72  19:34  Zealot x3  
  72  19:35  Zealot  
  72  19:36  Zealot x3  
  72  19:37  Zealot x2  
  72  19:38  Zealot x2  
  87  19:39  Zealot x4  
  87  19:40  Zealot x2  
Show
View Real Time Build Order
Export as new Build Order

tigro Terran 

Build Orders:  

Get SALT Encoding   

  12  0:03  SCV  
  13  0:15  SCV  
  14  0:24  Supply Depot  
  14  0:28  SCV  
  15  0:39  Refinery  
  15  0:45  SCV  
  16  0:54  Barracks  
  16  0:57  SCV  
  17  1:09  SCV  
  18  1:15  Refinery  
  18  1:21  SCV  
  19  1:34  SCV  
  20  1:42  Marine  
  20  1:46  SCV  
  22  1:51  Supply Depot  
  22  1:58  SCV  
  23  2:07  Barracks  
  23  2:13  Marine, SCV  
  25  2:25  SCV  
  26  2:31  Marine  
  27  2:38  Orbital Command  
  27  2:44  Engineering Bay  
  27  2:48  Marine  
  28  2:56  Barracks Tech Lab  
  28  3:04  Factory  
  28  3:06  Marine  
  29  3:33  Command Center  
  29  3:43  Barracks Tech Lab  
  29  3:44  Combat Shield  
  29  3:46  Marine  
  30  3:51  Factory Tech Lab  
  25  4:04  Marine  
  26  4:15  Stimpack  
  26  4:18  Marine  
  26  4:22  Marine  
  27  4:36  Marine  
  27  4:37  Siege Tank  
  31  4:40  Marine  
  32  4:52  Refinery  
  32  4:54  Marine, Starport  
  32  4:58  Marine  
  34  5:01  Terran Infantry Weapons Level 1  
  34  5:03  Concussive Shells  
  33  5:12  Marine  
  34  5:15  Marine  
  28  5:30  Marine  
  28  5:33  Marine  
  30  5:47  Marine  
  29  5:51  Marine, Orbital Command  
  30  6:00  Medivac  
  30  6:03  Siege Tank  
  35  6:05  Marine  
  35  6:09  Marine  
  35  6:23  Marine  
  33  6:27  Marine  
  33  6:41  Marine  
  33  6:44  Marine  
  33  6:46  Starport Tech Lab  
  35  6:51  Armory  
  35  6:55  Terran Infantry Armor Level 1  
  35  6:56  Siege Tank  
  38  7:26  Medivac  
  38  7:28  Siege Tank  
  43  7:31  Marine x2  
  45  7:39  Fusion Core  
  45  7:45  SCV  
  45  7:49  Marine x2  
  48  7:57  SCV  
  49  8:07  Marine x2  
  49  8:09  SCV  
  52  8:18  Refinery  
  52  8:21  SCV  
  52  8:24  Marine  
  54  8:38  Marine, SCV  
  56  8:42  Marine  
  56  8:45  Supply Depot  
  57  8:50  Hi-Sec Auto Tracking  
  57  8:56  Marine, Weapon Refit  
  57  8:59  Terran Vehicle Weapons Level 1  
  58  9:09  Supply Depot  
  58  9:13  SCV  
  59  9:20  Battlecruiser  
  65  9:25  Marine, SCV  
  65  9:26  Marine  
  68  9:37  SCV  
  69  9:43  Marine x2  
  71  9:46  Neosteel Armor  
  71  9:49  SCV  
  72  10:01  Marine x2, SCV  
  75  10:08  Starport  
  75  10:19  Marine x2  
  77  10:32  Battlecruiser  
  83  10:36  Rapid Reignition System  
  83  10:37  Marine x2  
  85  10:53  Terran Vehicle And Ship Armor Level 1  
  85  10:54  Marine  
  85  10:55  Marine  
  87  11:11  Starport Tech Lab  
  87  11:26  Terran Infantry Weapons Level 2  
  87  11:32  Advanced Ballistics, Missile Turret  
  87  11:43  Marine  
  87  11:44  Marine  
  89  11:52  Missile Turret  
  89  11:55  Supply Depot  
  89  12:01  Marine x2  
  91  12:11  Missile Turret  
  91  12:19  Supply Depot, Marine x2  
  93  12:32  Missile Turret  
  93  12:37  Marine x2  
  93  12:39  Command Center  
  95  12:47  Terran Ship Weapons Level 1  
  95  12:54  Missile Turret  
  95  12:55  Marine x2  
  97  13:13  Marine x2  
  97  13:15  Missile Turret  
  87  13:30  Marine  
  87  13:31  Marine  
  89  13:36  Missile Turret  
  89  13:42  Terran Infantry Armor Level 2  
  89  13:48  Battlecruiser  
  95  13:50  Battlecruiser  
  101  14:00  Siege Tank, Missile Turret  
  58  14:31  Marine x2  
  58  14:33  Missile Turret  
  57  14:41  Terran Vehicle Weapons Level 2  
  51  14:49  Marine x2  
  51  14:52  Battlecruiser  
  58  14:54  Battlecruiser  
  58  14:57  Missile Turret  
  40  15:07  Marine x2  
  40  15:11  Planetary Fortress  
  39  15:19  Refinery  
  39  15:25  Marine x2  
  41  15:42  Marine  
  41  15:43  Marine  
  41  15:47  Refinery  
  37  15:56  Medivac  
  39  15:58  Medivac  
  39  16:00  Marine x2  
  32  16:18  Marine x2  
  22  16:29  Thor  
  18  17:21  Command Center  
  18  17:28  Refinery  
  18  17:36  Refinery  
  18  17:49  Marine  
Show
View Real Time Build Order
Export as new Build Order

MrFercho Zerg 

Build Orders: Pool First 

Get SALT Encoding   

  12  0:02  Drone  
  13  0:16  Drone  
  14  0:49  Overlord x2, Spawning Pool  
  13  1:24  Hatchery  
  12  1:28  Extractor  
  11  1:38  Drone x3  
  14  1:41  Queen  
  16  1:52  Drone  
  17  2:10  Drone  
  18  2:16  Drone  
  19  2:34  Roach Warren  
  18  2:37  Drone x2  
  20  2:44  Extractor  
  19  2:58  Drone x3  
  20  3:02  Zergling x2  
  20  3:03  Metabolic Boost  
  23  3:11  Evolution Chamber  
  22  3:16  Drone  
  22  3:17  Drone  
  24  3:23  Drone x3  
  27  3:27  Queen  
  27  3:33  Drone  
  30  3:59  Roach  
  30  4:00  Roach x2  
  36  4:22  Overlord  
  36  4:23  Overlord x2  
  35  4:48  Roach x3  
  35  4:49  Overlord x4, Roach x2  
  45  5:06  Zerg Ground Armor Level 1  
  29  5:47  Roach  
  29  5:48  Roach x11  
  53  6:42  Ravager x3  
  56  6:50  Drone x6  
  62  6:55  Drone x6  
  68  7:17  Pneumatized Carapace  
  68  7:26  Drone x5  
  68  7:27  Extractor  
  72  7:30  Lair  
  72  7:34  Zerg Missile Weapons Level 1  
  72  9:03  Extractor  
  71  9:30  Roach x10  
  91  10:13  Hydralisk Den  
  90  10:15  Drone x2  
  90  10:17  Overlord  
  92  10:27  Overseer  
  92  10:28  Overseer  
  92  11:29  Hatchery  
  91  11:33  Hydralisk x5  
  91  11:34  Extractor  
  91  11:37  Extractor, Overlord  
  91  11:38  Overlord x6  
  99  12:05  Ravager x4  
  99  12:06  Ravager  
  104  12:30  Hydralisk x4  
  104  12:31  Hydralisk x4  
  120  12:37  Grooved Spines  
  120  12:39  Zerg Missile Weapons Level 2  
  113  12:46  Evolution Chamber  
  88  13:48  Muscular Augments  
  88  13:52  Overseer  
  73  14:43  Zergling x2  
  73  14:44  Zergling x10  
  65  15:16  Drone x3  
  68  15:32  Baneling Nest  
  48  16:24  Overseer x2  
  48  16:25  Overseer x2  
  48  16:29  Hydralisk x5  
  48  16:30  Hydralisk x4  
  66  16:42  Baneling x3  
  64  17:21  Spire  
  63  17:24  Spire  
  63  17:28  Infestation Pit  
  61  17:32  Queen  
  52  17:48  Hydralisk x6  
  42  18:42  Hydralisk x3  
Tags
 
Add a new tag
Caveats
  • Supply blocks, unpowered buildings, or Contaminate may cause inaccurate times.
  • Supply counts are checked every 10 seconds.